 Dungeon Sprint DCSS version 0.26-a0-651-gb41185065b (webtiles) character file.

Game seed: 9837585852186574314

301 mhtbhm the Fighter (level 6, -8/63 HPs)
             Began as a Minotaur Fighter on Sept 28, 2020.
             Was a Believer of Yredelemnul.
             Mangled by an 11-headed hydra (10 damage)
             ... in the Dungeon (Sprint IX: "|||||||||||||||||||||||||||||").
             The game lasted 00:01:22 (465 turns).

mhtbhm the Fighter (Minotaur Fighter)                Turns: 465, Time: 00:01:23

Health: -8/63      AC: 20    Str: 23    XL:     6   Next: 14%
Magic:  5/5        EV:  9    Int:  5    God:    Yredelemnul [**....]
Gold:   0          SH: 12    Dex: 12    Spells: 5/5 levels left

rFire    . . .     SeeInvis .   a - +2 scimitar (protect)
rCold    + . .     Faith    .   c - +0 kite shield
rNeg     . . .     Spirit   .   b - +1 chain mail {rC+}
rPois    .         Reflect  .   (helmet restricted)
rElec    .         Harm     .   (no cloak)
rCorr    .         Rampage  .   o - +0 pair of gloves
MR       .....     NoTele   +   (no boots)
Stlth    ..........             (no amulet)
HPRegen  0.20/turn              p - +3 ring of dexterity
MPRegen  0.09/turn              q - +2 ring of evasion

@: protection aura, very slightly contaminated, invisible
A: retaliatory headbutt, horns 2
a: Animate Remains, Recall Undead Slaves, Injury Mirror, Renounce Religion


You were in the Dungeon.
You worshipped Yredelemnul.
Yredelemnul was pleased with you.
You visited 1 branch

Inventory:

Hand Weapons
 a - a +2 scimitar of protection (weapon)
Armour
 b - a +1 chain mail of cold resistance (worn)
 c - a +0 kite shield (worn)
 o - a +0 pair of gloves (worn)
Jewellery
 p - a +3 ring of dexterity (left hand)
 q - a +2 ring of evasion (right hand)
Wands
 n - a wand of acid (10)
Scrolls
 j - 2 scrolls of blinking
 l - 3 scrolls of remove curse
 m - 2 scrolls of amnesia
Potions
 d - a potion of might
 e - 5 potions of curing
 f - 2 potions of heal wounds
 g - a potion of haste
 h - 4 potions of magic
 i - a potion of berserk rage


   Skills:
 + Level 9.0 Fighting
 + Level 6.4 Long Blades
 + Level 9.0 Armour
 + Level 0.9 Dodging
 + Level 9.0 Shields


You had 5 spell levels left.
You didn't know any spells.
Your spell library was empty.

Dungeon Overview and Level Annotations

Branches:
Dungeon (1/1)

Altars:
Cheibriados
Dithmenos
Elyvilon
Fedhas
Gozag
Hepliaklqana
Kikubaaqudgha
Makhleb
Nemelex Xobeh
Okawaru
Qazlal
Ru
Sif Muna
Trog
Uskayaw
Vehumet
Wu Jian
Xom
Yredelemnul
Zin
The Shining One
Beogh
Jiyva
Lugonu


Innate Abilities, Weirdness & Mutations

You reflexively headbutt those who attack you in melee.
You have a pair of horns on your head.


Message History

The deep elf mage shouts!
The ten-headed hydra bites you!
The ten-headed hydra closely misses you.
You block the ten-headed hydra's attack. x2
The ten-headed hydra barely misses you.
The ten-headed hydra bites you but does no damage. x4
The ten-headed hydra bites you!
* * * LOW HITPOINT WARNING * * *
There is an open door to the Dungeon, spattered with blood here.
You catch the helpless ten-headed hydra completely off-guard!
You hack one of the ten-headed hydra's heads off!
The nine-headed hydra grows two more!
You slash the 11-headed hydra!
The 11-headed hydra is heavily wounded.
You block the 11-headed hydra's attack.
The 11-headed hydra bites you but does no damage.
The 11-headed hydra bites you!
* * * LOW HITPOINT WARNING * * *
The 11-headed hydra barely misses you. The 11-headed hydra bites you!
You die...
Your body rises from the dead as a mindless zombie. ▓▓▓▓▓▓▓▓▓▓▓▓▓▓▓▓▓▓▓▓▓▓▓▓▓▓▓▓▓▓ ______'..).[[...@D..Jleo.e..O. ▓▓▓▓▓▓▓▓▓▓▓▓▓▓▓▓▓▓▓▓▓▓▓▓▓▓▓▓▓▓

You could see a 11-headed hydra, a slime creature, a deep elf mage, a basilisk and an orc (wandering).

Vanquished Creatures
  An orc warrior (D)
  An ice beast (D)
  A howler monkey (D)
  2 hounds (D)
  An adder (D)
  An orc (D)
  2 ball pythons (D)
  A bat zombie (D)
  A goblin (D)
  3 hobgoblins (D)
  A jackal (D)
  A leopard gecko skeleton (D)
16 creatures vanquished.

Vanquished Creatures (others)
  An orc zombie (D)
  A hound zombie (D)
2 creatures vanquished.

Grand Total: 18 creatures vanquished

Notes
Turn   | Place    | Note
-------+----------+-------------------------------------------
     0 | D        | mhtbhm the Minotaur Fighter began the quest for the Orb.
     0 | D        | Reached XP level 1. HP: 19/19 MP: 0/0
    18 | D        | Reached XP level 2. HP: 28/28 MP: 1/1
    24 | D        | Reached skill level 5 in Fighting
    24 | D        | Reached skill level 5 in Armour
    25 | D        | Reached skill level 5 in Shields
    33 | D        | Found a roughly hewn altar of Beogh.
    33 | D        | Found a snail-covered altar of Cheibriados.
    33 | D        | Found a shadowy altar of Dithmenos.
    33 | D        | Found a white marble altar of Elyvilon.
    33 | D        | Found a blossoming altar of Fedhas.
    33 | D        | Found an opulent altar of Gozag.
    34 | D        | Found a hazy altar of Hepliaklqana.
    35 | D        | Found a viscous altar of Jiyva.
    36 | D        | Found an ancient bone altar of Kikubaaqudgha.
    37 | D        | Found a corrupted altar of Lugonu.
    38 | D        | Found a burning altar of Makhleb.
    39 | D        | Found a sparkling altar of Nemelex Xobeh.
    40 | D        | Found an iron altar of Okawaru.
    41 | D        | Found a stormy altar of Qazlal.
    42 | D        | Found a sacrificial altar of Ru.
    43 | D        | Found a shimmering blue altar of Sif Muna.
    44 | D        | Found a bloodstained altar of Trog.
    45 | D        | Found a hide-covered altar of Uskayaw.
    46 | D        | Found a radiant altar of Vehumet.
    47 | D        | Found an ornate altar of the Wu Jian Council.
    50 | D        | Found a shimmering altar of Xom.
    51 | D        | Found a basalt altar of Yredelemnul.
    58 | D        | Found a glowing silver altar of Zin.
    59 | D        | Found a glowing golden altar of the Shining One.
    85 | D        | Became a worshipper of Yredelemnul the Dark
   229 | D        | Noticed an orc warrior
   229 | D        | Noticed a howler monkey
   229 | D        | Noticed an ice beast
   238 | D        | Killed an orc warrior
   238 | D        | Reached XP level 3. HP: 39/39 MP: 2/2
   238 | D        | Reached XP level 4. HP: 47/47 MP: 3/3
   240 | D        | Reached XP level 5. HP: 50/52 MP: 4/4
   244 | D        | Reached * piety under Yredelemnul
   244 | D        | Reached skill level 5 in Long Blades
   251 | D        | Killed an ice beast
   251 | D        | Reached XP level 6. HP: 56/63 MP: 5/5
   252 | D        | Reached ** piety under Yredelemnul
   289 | D        | Noticed an eight-headed hydra
   289 | D        | Noticed a slime creature
   289 | D        | Noticed a basilisk
   289 | D        | Noticed a deep elf mage
   465 | D        | HP: 2/63 [11-headed hydra (8)]
   465 | D        | Mangled by an 11-headed hydra

Illustrated notes

Levels and vault maps discovered:
D:        linesprint [early_d, line_temple, items_1, d_10, items_2, lair_1,
          lair_end, items_3, orc_1, orc_end, items_4, d_15, swamp_1, shoals_1,
          snake_1, spider_1, d_20, vaults_1, items_5, swamp_end, shoals_end,
          snake_end, spider_end, vaults_end, d_27, items_6, zot_1, zot_end,
          crypt_end, forest_end, elf_end, slime_end, tomb_end, abyss_end,
          pan_hell_end]

Skill      XL: |  1  2  3  4  5 |
---------------+----------------+-----
Fighting       | 4 7 9 |  9.0
Armour         | 4 7 9 |  9.0
Shields        | 4 7 9 |  9.0
Long Blades    | 4 6 |  6.4
Dodging        | |  0.9

Action                   |  1- 3 |  4- 6 || total
-------------------------+-------+-------++-------
Melee: Long sword        |    16 |       ||    16
       Headbutt          |     2 |     5 ||     7
       Scimitar          |     8 |    19 ||    27
Invok: Animate Remains   |       |     2 ||     2
  Use: Potion            |     1 |     1 ||     2
 Stab: Invisible         |       |     2 ||     2
Armor: Scale mail        |     6 |       ||     6
       Chain mail        |     2 |    18 ||    20
Dodge: Dodged            |     7 |    15 ||    22
Block: Kite shield       |    14 |    18 ||    32
       Rpst.: Long sword |     4 |       ||     4
       Scimitar          |       |     4 ||     4

Table legend: (Time is in decaauts)
 A = Elapsed time spent in this place.
 B = Non-inter-level travel time spent in this place.
 C = Inter-level travel time spent in this place.
 D = Time resting spent in this place.
 E = Time spent auto-exploring this place.
 F = Levels seen in this place.
 G = Mean time per level.
                   A        B        C        D        E       F      G
               +--------+--------+--------+--------+--------+-----+--------+
         Total |    475 |    475 |      0 |    281 |      3 |   1 |  475.0 |
       Dungeon |    475 |    475 |      0 |    281 |      3 |   1 |  475.0 |
               +--------+--------+--------+--------+--------+-----+--------+

Top non-repeatable levels by time:
       D: 475 daAuts
